[Event "Titled Tuesday Blitz November 15 Early 2022"]
[White "Kopczynski, Michal"]
[Black "Fernandez Hernandez, Gerardo"]
[WhiteFideId "1124200"]
[BlackFideId "2207400"]
[WhiteElo "2235"]
[BlackElo "2216"]
[Result "1-0"]
[Round "06"]
[TimeControl "180+1"]
[Date "2022.11.16"]
[WhiteClock "0:02:07"]
[BlackClock "0:00:18"]

1. e4 e6 2. d4 d5 3. Nc3 Nc6 4. e5 f6 5. f4 fxe5 6. fxe5 Qh4+ 7. g3 Qxd4 8. Bf4 g5 9. Qh5+ Kd7 10. Rd1 Qc5 11. Bh3 Nge7 12. Bxg5 Nd4 13. Nf3 Nxc2+ 14. Kd2 Nd4 15. Nxd4 Qxd4+ 16. Kc1 Qxe5 17. Rhe1 Qd6 18. Rxe6 Qxe6 19. Bxe6+ Kxe6 20. Bxe7 Bxe7 21. Qxd5+ Kf6 22. Qd4+ Kf7 23. Qxh8 1-0


[Site "https://www.chess.com"]

[Event "Titled Tuesday Blitz November 15 Early 2022"]
[White "Korchmar, Vasiliy"]
[Black "Ronka, Erik"]
[WhiteFideId "24131750"]
[BlackFideId "505080"]
[WhiteElo "2370"]
[BlackElo "2264"]
[Result "1-0"]
[Round "06"]
[TimeControl "180+1"]
[Date "2022.11.16"]
[WhiteClock "0:00:06"]
[BlackClock "0:00:12"]

1. e4 c5 2. Nf3 e6 3. g3 d5 4. exd5 exd5 5. d4 Nc6 6. Bg2 Bg4 7. O-O cxd4 8. Nbd2 Be7 9. h3 Bh5 10. Nb3 Nf6 11. Nbxd4 O-O 12. Nf5 Bc5 13. Bg5 Bg6 14. N3d4 Nxd4 15. Nxd4 h6 16. Bh4 Qb6 17. Nb3 Ne4 18. Nxc5 Qxc5 19. c3 Bh7 20. g4 g5 21. Bxe4 dxe4 22. Bg3 Rad8 23. Qb3 Rd3 24. Kh2 e3 25. Rae1 Be4 26. Re2 Bd5 27. Qc2 Be4 28. Qa4 Bc6 29. Qc2 Qd5 30. f3 Rd2 31. Rxd2 exd2 32. Qd1 Re8 33. Rf2 Rd8 34. h4 Qd3 35. hxg5 hxg5 36. Kg2 a5 37. Be5 a4 38. Bd4 Qc4 39. Qxd2 Qe6 40. Qxg5+ Qg6 41. Qxd8+ 1-0


[Site "https://www.chess.com"]

[Event "Titled Tuesday Blitz November 15 Early 2022"]
[White "Kostiukov, Alexandr"]
[Black "Ghosh, Chanchal Kumer"]
[WhiteFideId "14108100"]
[BlackFideId "10201858"]
[WhiteElo "2202"]
[BlackElo "2058"]
[Result "0-1"]
[Round "06"]
[TimeControl "180+1"]
[Date "2022.11.16"]
[WhiteClock "0:00:02"]
[BlackClock "0:00:10"]

1. g3 d5 2. Bg2 e6 3. d3 Nf6 4. e4 c5 5. Qe2 Be7 6. e5 Nfd7 7. Nf3 O-O 8. O-O Nc6 9. c4 Qc7 10. cxd5 exd5 11. e6 Nf6 12. exf7+ Rxf7 13. Ng5 Nd4 14. Qd1 Rf8 15. Nc3 Bg4 16. Nxd5 Qd7 17. Nxe7+ Qxe7 18. f3 Bh5 19. Ne4 Nd5 20. Bg5 Qc7 21. Rc1 b6 22. Nc3 Nf6 23. Bf4 Qd7 24. Ne2 Ne6 25. Be3 Rad8 26. Qb3 Kh8 27. Rcd1 Nd5 28. Bc1 Rde8 29. Nc3 Nb4 30. Ne4 Nd4 31. Qa3 Nxf3+ 32. Kh1 Nd4 33. Bf4 Bxd1 34. Rxd1 h6 35. h4 Ne2 36. Rf1 Qxd3 37. Qxd3 Nxd3 38. Bd6 Rxf1+ 39. Bxf1 Rxe4 0-1


[Site "https://www.chess.com"]

[Event "Titled Tuesday Blitz November 15 Early 2022"]
[White "Krallis, Christos"]
[Black "Quintiliano Pinto, Renato R."]
[WhiteFideId "4298896"]
[BlackFideId "2117568"]
[WhiteElo "2243"]
[BlackElo "2472"]
[Result "0-1"]
[Round "06"]
[TimeControl "180+1"]
[Date "2022.11.16"]
[WhiteClock "0:00:06"]
[BlackClock "0:01:22"]

1. Nf3 c5 2. c4 Nc6 3. g3 g6 4. Bg2 Bg7 5. O-O b6 6. Nc3 Bb7 7. b3 d6 8. Bb2 Qd7 9. d3 e6 10. Qd2 Nge7 11. Ne4 e5 12. Qg5 Qe6 13. Qd2 h6 14. Nc3 O-O 15. Ne1 Qd7 16. Nc2 Nd4 17. Ne3 Bxg2 18. Kxg2 f5 19. Ned5 f4 20. Nxe7+ Qxe7 21. Nd5 f3+ 22. exf3 Qf7 23. Bxd4 Qxf3+ 24. Kg1 cxd4 25. Rae1 Rf7 26. Qe2 Raf8 27. Qe4 Kh7 28. b4 h5 29. b5 Bh6 30. Re2 Qxe4 31. Rxe4 Rf3 32. Nb4 Bd2 33. Nc2 Bc3 34. c5 bxc5 0-1


[Site "https://www.chess.com"]

[Event "Titled Tuesday Blitz November 15 Early 2022"]
[White "Kryakvin, Dmitry"]
[Black "Kouskoutis, Georgios-Alexandros"]
[WhiteFideId "4153278"]
[BlackFideId "4234049"]
[WhiteElo "2414"]
[BlackElo "2187"]
[Result "0-1"]
[Round "06"]
[TimeControl "180+1"]
[Date "2022.11.16"]
[WhiteClock "0:00:05"]
[BlackClock "0:00:02"]

1. d4 Nf6 2. c4 g6 3. Nc3 d5 4. e3 Bg7 5. Qb3 c6 6. Nf3 O-O 7. Bd2 a6 8. a4 e6 9. a5 Nbd7 10. Be2 Re8 11. O-O h6 12. Rfd1 Qe7 13. Be1 Ne4 14. Nxe4 dxe4 15. Nd2 f5 16. c5 Nf6 17. Nc4 Nd5 18. Nd6 Rf8 19. Bc4 Kh7 20. g3 g5 21. Qc2 g4 22. Ra3 h5 23. Rb3 h4 24. Nxe4 fxe4 25. Qxe4+ Kg8 26. Qxg4 e5 27. Qe4 Bf5 28. Bxd5+ cxd5 29. Qxd5+ Be6 30. Rxb7 Bxd5 31. Rxe7 exd4 32. exd4 hxg3 33. hxg3 Rae8 34. Rxe8 Rxe8 35. Bc3 Re2 36. Kf1 Rc2 37. Re1 Bh6 38. Re5 Bf3 39. Re1 Kf7 40. Rb1 Bc1 41. Ke1 Ke6 42. g4 Bxg4 43. c6 Kd6 44. d5 Bf3 45. Bb4+ Kxd5 46. c7 Rxc7 47. Bc3 Bf4 48. Ra1 Rh7 49. Ra4 Rh1# 0-1


[Site "https://www.chess.com"]

[Event "Titled Tuesday Blitz November 15 Early 2022"]
[White "Krzyzanowski, Marcin"]
[Black "Sharifov, Mekhriddin"]
[WhiteFideId "1132199"]
[BlackFideId "14701545"]
[WhiteElo "2435"]
[BlackElo "2109"]
[Result "0-1"]
[Round "06"]
[TimeControl "180+1"]
[Date "2022.11.16"]
[WhiteClock "0:00:27"]
[BlackClock "0:00:26"]

1. e4 c5 2. Nc3 a6 3. d4 cxd4 4. Qxd4 Nc6 5. Qd2 g6 6. b3 Bh6 7. f4 e5 8. Nd5 d6 9. Bb2 Be6 10. Qf2 Bxd5 11. exd5 Qa5+ 12. c3 Qxd5 13. Bc4 Qe4+ 14. Ne2 Bxf4 15. Rd1 Nge7 16. O-O Be3 17. Ng3 Bxf2+ 18. Rxf2 Qe3 19. Bxf7+ Kd7 20. Bc1 Qxc3 21. Ne4 Qb4 22. Nf6+ Kc7 23. Bh6 Rhf8 24. Bxf8 Rxf8 25. Ne8+ Kb8 26. Rxd6 Nf5 27. Rf6 Ncd4 28. Bd5 Qe1+ 29. Rf1 Ne2+ 0-1


[Site "https://www.chess.com"]

[Event "Titled Tuesday Blitz November 15 Early 2022"]
[White "Kula, Robert"]
[Black "Mendonca, Mateus Nakajo"]
[WhiteFideId "1101218"]
[BlackFideId "2110954"]
[WhiteElo "2184"]
[BlackElo "2310"]
[Result "0-1"]
[Round "06"]
[TimeControl "180+1"]
[Date "2022.11.16"]
[WhiteClock "0:00:23"]
[BlackClock "0:00:22"]

1. d4 d5 2. c4 e6 3. Nc3 c6 4. Nf3 dxc4 5. e3 b5 6. a4 Bb4 7. g3 Bb7 8. Bg2 Ne7 9. O-O a6 10. Ne5 Nd5 11. axb5 cxb5 12. Qe1 O-O 13. Bd2 Be7 14. e4 Nb4 15. Be3 Nc2 16. Qd2 Nxa1 17. Rxa1 Nc6 18. Nxc6 Bxc6 19. d5 Bb7 20. Rd1 Qd7 21. d6 Bf6 22. f4 e5 23. fxe5 Bxe5 24. Bf4 Rfe8 25. Nd5 Bxd5 26. Qxd5 Bxb2 27. e5 c3 28. Qb3 Rac8 29. Be4 Rc4 30. Bc2 Rxf4 31. gxf4 Qg4+ 32. Kh1 Qf3+ 33. Kg1 Qxf4 34. d7 Rd8 35. Qd5 Qg4+ 36. Kf2 Ba3 37. Bb3 Qf5+ 38. Ke3 c2 39. Bxc2 Qxc2 40. e6 Bc5+ 41. Kf3 Qc4 42. exf7+ Kf8 43. Qxc4 bxc4 44. Re1 Kxf7 45. Re5 Bd6 46. Rf5+ Ke6 47. Rd5 Kxd5 48. Ke3 Rxd7 49. Kd2 Kd4 0-1


[Site "https://www.chess.com"]

[Event "Titled Tuesday Blitz November 15 Early 2022"]
[White "Kuznetsov, Mikhail"]
[Black "Trost, Edvin"]
[WhiteFideId "4117190"]
[BlackFideId "1729519"]
[WhiteElo "1981"]
[BlackElo "2247"]
[Result "0-1"]
[Round "06"]
[TimeControl "180+1"]
[Date "2022.11.16"]
[WhiteClock "0:01:55"]
[BlackClock "0:02:20"]

1. Nf3 d5 2. g3 Nd7 3. d4 Nb6 4. Bg2 Bf5 5. O-O e6 6. Nbd2 Nf6 7. c4 dxc4 8. Nxc4 Nxc4 9. Qa4+ c6 10. Qxc4 Be4 11. Bf4 Bd6 12. Bxd6 Qxd6 13. e3 O-O 14. a3 Rac8 15. b4 Qd5 16. Qc5 Bxf3 0-1


[Site "https://www.chess.com"]

[Event "Titled Tuesday Blitz November 15 Early 2022"]
[White "Lauridsen, Jesper Morch"]
[Black "Desideri, Ricardo Maruchi"]
[WhiteFideId "1401890"]
[BlackFideId "2110440"]
[WhiteElo "2224"]
[BlackElo "1945"]
[Result "1-0"]
[Round "06"]
[TimeControl "180+1"]
[Date "2022.11.16"]
[WhiteClock "0:01:07"]
[BlackClock "0:00:41"]

1. e4 c5 2. c3 g6 3. d4 cxd4 4. cxd4 d5 5. exd5 Nf6 6. Nc3 Nxd5 7. Bc4 Nb6 8. Bb3 Bg7 9. Nf3 Bg4 10. Bxf7+ Kf8 11. h3 Bxf3 12. Qxf3 Bf6 13. Bb3 Qxd4 14. Bh6+ Ke8 15. O-O Nc6 16. Rad1 Qh4 17. Bf4 Kf8 18. Rfe1 Kg7 19. Ne4 Nd4 20. Rxd4 Bxd4 21. Bg5 Qh5 22. Qf7# 1-0


[Site "https://www.chess.com"]

[Event "Titled Tuesday Blitz November 15 Early 2022"]
[White "Le, Tuan Minh"]
[Black "Pichot, Alan"]
[WhiteFideId "12401153"]
[BlackFideId "110973"]
[WhiteElo "2530"]
[BlackElo "2560"]
[Result "0-1"]
[Round "06"]
[TimeControl "180+1"]
[Date "2022.11.15"]
[WhiteClock "0:00:03"]
[BlackClock "0:00:07"]

1. d4 Nf6 2. Nf3 b6 3. Bg5 Bb7 4. e3 e6 5. Bd3 h6 6. Bh4 c5 7. c3 Be7 8. h3 O-O 9. O-O d5 10. Nbd2 Nbd7 11. a4 a6 12. Qe2 Bd6 13. e4 dxe4 14. Nxe4 Be7 15. Nxf6+ Nxf6 16. Rfd1 Qc7 17. dxc5 Bxc5 18. Bxf6 gxf6 19. Be4 Rfd8 20. Bxb7 Qxb7 21. Nd2 Be7 22. Qg4+ Kf8 23. Qf4 Kg7 24. Qg4+ Kf8 25. Nf1 Rxd1 26. Rxd1 Rd8 27. Re1 f5 28. Qh5 Kg7 29. Qe2 Bh4 30. Qc4 Bg5 31. Ng3 b5 32. Qb4 Qd5 33. h4 a5 34. Qxa5 Bxh4 35. Nh5+ Kh7 36. Qxb5 Qxb5 37. axb5 Rd2 38. g3 Bd8 39. Nf4 Rxb2 40. c4 Bb6 41. Re2 Rb4 42. Rc2 Bc5 43. Kg2 Rb3 44. Ne2 Kg6 45. Nc3 Bd4 46. Ne2 Bc5 47. Nc1 Rb1 48. Nd3 Bd4 49. Ra2 e5 50. Ra6+ f6 51. Ra8 Rb3 52. Ne1 Rb2 53. Kh3 Rxf2 54. Ng2 Rf1 55. Nh4+ Kf7 56. Kg2 Rf2+ 57. Kh3 e4 58. Rd8 Be5 59. Rd7+ Ke6 60. Rd1 e3 61. Re1 f4 62. gxf4 Bxf4 63. Ng2 Bg5 64. b6 Rb2 65. c5 Kd5 66. Nxe3+ Kxc5 67. Nf5 Rxb6 68. Kg4 Rb4+ 69. Kh5 Rf4 70. Kg6 h5 71. Rc1+ Kb4 72. Rb1+ Kc3 73. Rh1 h4 74. Ne7 Kd4 75. Kh5 Ke4 76. Ng6 Rf5 77. Kg4 Ra5 78. Re1+ Kd5 79. Rf1 Ra4+ 80. Kh3 Ke6 81. Nf8+ Kf7 82. Nd7 Kg6 83. Nf8+ Kh5 84. Rf3 Rf4 85. Rd3 Rf1 86. Ne6 Rh1+ 87. Kg2 Re1 88. Ng7+ Kg4 89. Rd4+ Bf4 90. Kf2 Ra1 91. Ne6 Ra2+ 92. Kf1 h3 93. Kg1 Ra1+ 94. Kf2 h2 95. Rxf4+ Kh3 96. Rf3+ Kg4 97. Rg3+ Kh4 98. Nd4 h1=Q 99. Nf5+ Kh5 100. Ng7+ Kh6 101. Nf5+ Kh7 102. Rg7+ Kh8 103. Rf7 Rf1+ 104. Ke2 Qf3+ 0-1


[Site "https://www.chess.com"]

[Event "Titled Tuesday Blitz November 15 Early 2022"]
[White "Leiva, Gianmarco"]
[Black "Grapsa, Georgia"]
[WhiteFideId "3804399"]
[BlackFideId "4206436"]
[WhiteElo "2286"]
[BlackElo "1877"]
[Result "1-0"]
[Round "06"]
[TimeControl "180+1"]
[Date "2022.11.16"]
[WhiteClock "0:00:11"]
[BlackClock "0:00:07"]

1. e4 d5 2. exd5 Qxd5 3. Nc3 Qa5 4. d4 c6 5. Bc4 Nf6 6. Nf3 Bf5 7. O-O e6 8. Bd2 Qc7 9. h3 Nbd7 10. Nh4 Bg6 11. Nxg6 hxg6 12. Re1 O-O-O 13. Bb3 Nb6 14. Qf3 Rxd4 15. Be3 Rd8 16. a4 Kb8 17. Ne4 Nbd5 18. Bg5 Be7 19. Bxd5 cxd5 20. Nxf6 gxf6 21. Bxf6 Bxf6 22. Qxf6 Rh5 23. Re2 Rf5 24. Qd4 Rc8 25. c3 Qc4 26. Qe3 Qf4 27. Qd3 Qc4 28. Qd2 Qf4 29. Re3 g5 30. Qe2 Qc4 31. Qh5 g4 32. Qxg4 Qxg4 33. hxg4 Rf4 34. f3 Rcc4 35. a5 a6 36. Kf2 Ra4 37. Ree1 Rac4 38. Kg3 Rf6 39. Kh4 Rg6 40. Re5 f5 41. Kg3 fxg4 42. f4 Rf6 43. Rf1 Kc7 44. Kxg4 Kd6 45. g3 Rc5 46. Ra1 Rc4 47. Rh5 d4 48. Rd1 Ke7 49. Rxd4 Rxd4 50. cxd4 Rf8 51. Rh7+ Kd6 52. Rxb7 Rc8 53. Rb6+ Kd5 54. Rxa6 Rc2 55. b4 Rb2 56. Rb6 Rd2 57. a6 Rxd4 58. a7 1-0


[Site "https://www.chess.com"]

[Event "Titled Tuesday Blitz November 15 Early 2022"]
[White "Lenderman, Aleksandr"]
[Black "Mischuk, Dmitry"]
[WhiteFideId "2021285"]
[BlackFideId "14118734"]
[WhiteElo "2607"]
[BlackElo "2256"]
[Result "1-0"]
[Round "06"]
[TimeControl "180+1"]
[Date "2022.11.15"]
[WhiteClock "0:00:30"]
[BlackClock "0:00:23"]

1. e4 c5 2. d4 cxd4 3. c3 Nf6 4. e5 Nd5 5. Nf3 d6 6. cxd4 Nc6 7. Bc4 Nb6 8. Bb5 dxe5 9. Nxe5 Bd7 10. Nc3 e6 11. O-O Be7 12. Be3 O-O 13. Qe2 Be8 14. Rfd1 Nb4 15. Rac1 a6 16. Bxe8 Rxe8 17. Qf3 Bf6 18. Qxb7 N4d5 19. Qxf7+ Kh8 20. Ne4 Bxe5 21. dxe5 Qh4 22. Nd6 Rf8 23. Qxe6 Nxe3 24. fxe3 Qf2+ 25. Kh1 h6 26. h3 Rab8 27. Rc7 Qxe3 28. Qg6 Qxe5 29. Nf7+ Rxf7 30. Rxf7 Qxb2 31. Rb1 Qd4 32. Qf5 Rg8 33. Rf8 Nd7 34. Rxg8+ Kxg8 35. Qe6+ Kh7 36. Re1 Nf6 37. Qf5+ Kg8 38. Re7 Qd1+ 39. Kh2 Qd6+ 40. Qe5 Qd2 41. Qg3 Nh5 42. Qb3+ Kh7 43. Qb1+ Kg8 44. Qb8+ Kh7 45. Qe5 Qd1 46. Qf5+ Kg8 47. Re8# 1-0


[Site "https://www.chess.com"]

[Event "Titled Tuesday Blitz November 15 Early 2022"]
[White "Levine, David"]
[Black "Melikhov, Evgeny V."]
[WhiteFideId "2011611"]
[BlackFideId "4122046"]
[WhiteElo "2161"]
[BlackElo "2169"]
[Result "0-1"]
[Round "06"]
[TimeControl "180+1"]
[Date "2022.11.16"]
[WhiteClock "0:01:16"]
[BlackClock "0:01:31"]

1. d4 Nf6 2. c4 e6 3. g3 d5 4. Bg2 dxc4 5. Nf3 Nc6 6. Qa4 Bb4+ 7. Bd2 Bd6 8. Na3 O-O 9. Nxc4 a6 10. Nxd6 cxd6 11. O-O b5 12. Qb3 Bb7 13. a4 Na5 14. Bxa5 Qxa5 15. axb5 Qxb5 16. Qxb5 axb5 17. Nd2 Bxg2 18. Kxg2 Rfc8 19. Rxa8 Rxa8 20. Rc1 Kf8 21. Rc6 Ra2 22. Rc2 Ke7 23. Nb3 Kd7 24. f3 Nd5 25. e4 Ne3+ 0-1


[Site "https://www.chess.com"]

[Event "Titled Tuesday Blitz November 15 Early 2022"]
[White "Levitan, Caleb Levi"]
[Black "Kozak, Antoni"]
[WhiteFideId "14332620"]
[BlackFideId "21832030"]
[WhiteElo "1963"]
[BlackElo "2447"]
[Result "0-1"]
[Round "06"]
[TimeControl "180+1"]
[Date "2022.11.16"]
[WhiteClock "0:00:01"]
[BlackClock "0:00:04"]

1. e4 c5 2. Nf3 e6 3. d4 cxd4 4. Nxd4 a6 5. c4 Nf6 6. Nc3 Bb4 7. Qd3 d5 8. exd5 exd5 9. Bg5 O-O 10. Be2 h6 11. Bxf6 Qxf6 12. O-O dxc4 13. Qxc4 Bd6 14. Bf3 Nd7 15. Ne4 Qe5 16. Nxd6 Qxd6 17. Rfe1 Ne5 18. Qc3 Nxf3+ 19. Nxf3 Be6 20. Rad1 Qb6 21. b3 Rac8 22. Qb2 Rfd8 23. Nd4 Bg4 24. Rd2 Re8 25. Rf1 Rcd8 26. h3 Bc8 27. Rfd1 Qg6 28. Kh2 Qd6+ 29. Kg1 Qg6 30. Kh2 Rd5 31. Nf3 Qd6+ 32. Kh1 Rxd2 33. Rxd2 Qc6 34. Rc2 Qd5 35. Rd2 Qh5 36. Qc3 Be6 0-1


[Site "https://www.chess.com"]

[Event "Titled Tuesday Blitz November 15 Early 2022"]
[White "Lohani, Sujana"]
[Black "Abhishek, Das"]
[WhiteFideId "12311987"]
[BlackFideId "5013348"]
[WhiteElo "1691"]
[BlackElo "2230"]
[Result "0-1"]
[Round "06"]
[TimeControl "180+1"]
[Date "2022.11.16"]
[WhiteClock "0:00:02"]
[BlackClock "0:01:23"]

1. d4 d5 2. Nf3 Nf6 3. c4 e6 4. g3 Bb4+ 5. Nbd2 O-O 6. Bg2 c6 7. O-O b6 8. Qc2 Bb7 9. a3 Be7 10. Rd1 Nbd7 11. e4 dxe4 12. Nxe4 c5 13. dxc5 Bxe4 14. Qe2 Bxc5 15. Bg5 Bc6 16. Ne5 Bxg2 17. Rxd7 Qc8 18. Rd2 Bb7 19. Bxf6 gxf6 20. Ng4 Qc6 21. Nxf6+ Kh8 22. Rd5 exd5 23. Qe5 Qd6 0-1


[Site "https://www.chess.com"]

[Event "Titled Tuesday Blitz November 15 Early 2022"]
[White "Mahdavi, Reza"]
[Black "Andreikin, Dmitry"]
[WhiteFideId "12595926"]
[BlackFideId "4158814"]
[WhiteElo "2240"]
[BlackElo "2736"]
[Result "0-1"]
[Round "06"]
[TimeControl "180+1"]
[Date "2022.11.15"]
[WhiteClock "0:00:43"]
[BlackClock "0:00:55"]

1. e4 c5 2. Nf3 e6 3. c3 d5 4. exd5 Qxd5 5. d4 Nf6 6. Na3 Qd8 7. Nc2 Be7 8. Bd3 O-O 9. O-O Nbd7 10. a4 b6 11. a5 bxa5 12. Bf4 Bb7 13. h3 Qb6 14. Qe2 Nd5 15. Bd2 Rac8 16. Na3 cxd4 17. Nxd4 Bxa3 18. Rxa3 Nc5 19. Bb1 Ba6 20. c4 Qxb2 21. Nc2 Nb3 22. Ra2 Qf6 23. Na3 Nxd2 24. Qxd2 Nb4 25. Rb2 Rfd8 26. Qc1 g6 27. Rb3 Rd4 28. Rf3 Qe7 29. Qe3 Qc5 30. Qh6 Qf8 31. Qe3 Rcd8 32. Qe5 Nc6 33. Qc7 Rc8 34. Qg3 Rd7 35. Re1 Rcd8 36. Rxe6 Nd4 37. Rxa6 Ne2+ 38. Kh2 Nxg3 39. Rxg3 0-1


[Site "https://www.chess.com"]

[Event "Titled Tuesday Blitz November 15 Early 2022"]
[White "Makhmudov, Shukhrat"]
[Black "Sreyas Payyappat"]
[WhiteFideId "14200775"]
[BlackFideId "46674969"]
[WhiteElo "2135"]
[BlackElo "2083"]
[Result "0-1"]
[Round "06"]
[TimeControl "180+1"]
[Date "2022.11.16"]
[WhiteClock "0:01:05"]
[BlackClock "0:00:44"]

1. e4 c6 2. Nc3 d5 3. d4 dxe4 4. Nxe4 Nf6 5. Nxf6+ exf6 6. c3 Bd6 7. Bd3 O-O 8. Qc2 Re8+ 9. Ne2 h5 10. O-O h4 11. h3 Nd7 12. Bf4 Nf8 13. Bxd6 Qxd6 14. Rae1 Be6 15. b3 c5 16. Rd1 Rac8 17. d5 Bd7 18. c4 a6 19. Nc3 Re5 20. a4 Rce8 21. Qd2 Qb8 22. Qf4 Bxh3 23. Qxh4 Bxg2 24. Kxg2 Rg5+ 25. Kf3 Qe5 26. Ne2 Ng6 27. Qh3 Rh5 28. Qd7 Nh4+ 29. Kg4 Qg5+ 30. Kh3 Qg2# 0-1


[Site "https://www.chess.com"]

[Event "Titled Tuesday Blitz November 15 Early 2022"]
[White "Makridis, Dimitrios"]
[Black "Tasev, Dejan"]
[WhiteFideId "25864475"]
[BlackFideId "936618"]
[WhiteElo "2272"]
[BlackElo "2256"]
[Result "1-0"]
[Round "06"]
[TimeControl "180+1"]
[Date "2022.11.16"]
[WhiteClock "0:00:20"]
[BlackClock "0:00:10"]

1. c4 Nf6 2. Nf3 g6 3. Nc3 Bg7 4. e4 d6 5. d4 O-O 6. Be2 e5 7. d5 a5 8. O-O Na6 9. h3 Nc5 10. Qc2 Nh5 11. b3 Nf4 12. Be3 b6 13. a3 h6 14. b4 Nd7 15. Rfd1 g5 16. Bf1 Nf6 17. c5 g4 18. Nh2 gxh3 19. g3 Ng6 20. cxb6 cxb6 21. Nb5 Ng4 22. Nxg4 Bxg4 23. Rdc1 Rc8 24. Qd2 Rxc1 25. Rxc1 f5 26. exf5 Bxf5 27. Rc7 Qf6 28. Bxh6 h2+ 29. Kxh2 Ne7 30. Bg5 Qg6 31. Rxe7 Be4 32. Bg2 Qh5+ 33. Kg1 Bxg2 34. Kxg2 Qf3+ 35. Kg1 Qh5 36. Nxd6 Rd8 37. Nf5 Bf8 38. d6 Rc8 39. d7 Rb8 40. Re8 Rxe8 41. Qd5+ Kh8 42. dxe8=Q Qxe8 43. Bf6+ Kh7 44. Qe4 Qg6 45. Qh4+ Kg8 46. Qh8+ Kf7 47. Bg7 Bxg7 48. Qxg7+ Qxg7 49. Nxg7 Kxg7 50. bxa5 bxa5 51. Kf1 Kf6 52. Ke2 Ke6 53. Ke3 Kd5 54. g4 Kc4 55. g5 Kb3 56. g6 a4 57. g7 Kxa3 58. g8=Q Kb2 59. Qb8+ 1-0


[Site "https://www.chess.com"]

[Event "Titled Tuesday Blitz November 15 Early 2022"]
[White "Malka, Samuel"]
[Black "Csonka, Balazs"]
[WhiteFideId "20643675"]
[BlackFideId "742910"]
[WhiteElo "2474"]
[BlackElo "2404"]
[Result "0-1"]
[Round "06"]
[TimeControl "180+1"]
[Date "2022.11.16"]
[WhiteClock "0:00:11"]
[BlackClock "0:00:05"]

1. d4 Nf6 2. c4 e6 3. Nf3 b6 4. g3 Ba6 5. b3 Bb4+ 6. Bd2 Be7 7. Bg2 d5 8. O-O O-O 9. Qc2 Nbd7 10. Ne5 Bb7 11. cxd5 Nxe5 12. dxe5 Nxd5 13. a3 c5 14. Rd1 Qc8 15. Bc1 Rd8 16. Nd2 Nc7 17. Bb2 Bxg2 18. Kxg2 Qb7+ 19. f3 Rd5 20. Nc4 Rad8 21. e4 R5d7 22. Rxd7 Rxd7 23. Rd1 Qc6 24. Rxd7 Qxd7 25. Qd2 Qxd2+ 26. Nxd2 b5 27. Kf2 Kf8 28. Ke3 Ke8 29. f4 Kd7 30. g4 Kc6 31. Nf3 a5 32. f5 Ne8 33. g5 Bd8 34. h4 a4 35. bxa4 bxa4 36. Kd3 Nc7 37. h5 g6 38. fxg6 fxg6 39. hxg6 hxg6 40. Bc1 Na8 41. Nh4 Nb6 42. Nxg6 c4+ 43. Kc3 Bc7 44. Nf8 Bxe5+ 45. Kb4 Bd6+ 46. Kc3 Bxf8 47. e5 Nd7 48. Bf4 Kd5 49. g6 Nxe5 50. Bxe5 Kxe5 51. Kxc4 Kf6 52. Kd4 Kxg6 53. Ke5 Kf7 0-1


[Site "https://www.chess.com"]

[Event "Titled Tuesday Blitz November 15 Early 2022"]
[White "Manelyuk, Daniil"]
[Black "Concio, Michael Jr."]
[WhiteFideId "44173920"]
[BlackFideId "5217873"]
[WhiteElo "2209"]
[BlackElo "2236"]
[Result "1-0"]
[Round "06"]
[TimeControl "180+1"]
[Date "2022.11.16"]
[WhiteClock "0:00:20"]
[BlackClock "0:00:02"]

1. e4 c5 2. Nf3 e6 3. c4 Nc6 4. Nc3 g6 5. d4 cxd4 6. Nxd4 a6 7. Be3 e5 8. Nxc6 bxc6 9. Be2 Nf6 10. O-O d6 11. Qd2 Be6 12. f4 Be7 13. f5 gxf5 14. exf5 Bd7 15. Rad1 Rg8 16. Bg5 Qb6+ 17. Kh1 Ng4 18. Bxg4 Rxg5 19. c5 Qb4 20. cxd6 Rxg4 21. dxe7 Qxe7 22. f6 Qe6 23. Qe3 Rd8 24. Ne4 Bc8 25. Rxd8+ Kxd8 26. Rd1+ Ke8 27. Nd6+ Kf8 28. Qc5 Kg8 29. Nf5 h6 30. Rd8+ Kh7 31. Qf8 Qxf5 32. Qxf7+ 1-0


[Site "https://www.chess.com"]

[Event "Titled Tuesday Blitz November 15 Early 2022"]
[White "Manukyan, Sargis A."]
[Black "Yeremyan, Alen"]
[WhiteFideId "13303970"]
[BlackFideId "13308998"]
[WhiteElo "2187"]
[BlackElo "2159"]
[Result "1-0"]
[Round "06"]
[TimeControl "180+1"]
[Date "2022.11.16"]
[WhiteClock "0:00:07"]
[BlackClock "0:00:39"]

1. Nf3 Nf6 2. d4 g6 3. g3 Bg7 4. Bg2 O-O 5. O-O d5 6. c4 dxc4 7. Na3 a5 8. Nxc4 a4 9. Bf4 Be6 10. Nfe5 c6 11. e4 Na6 12. Rc1 Nd7 13. d5 cxd5 14. exd5 Bf5 15. d6 Nxe5 16. Bxe5 Bxe5 17. Nxe5 exd6 18. Nc4 d5 19. Qxd5 Qxd5 20. Bxd5 Nb4 21. Bxb7 Rab8 22. Nd6 Bd3 23. Rfd1 Rfd8 24. Rc8 Rbxc8 25. Nxc8 Rd7 26. Be4 Rc7 27. Bxd3 Rxc8 28. a3 Nxd3 29. Rxd3 Rb8 30. Rd4 Rxb2 31. Rxa4 h5 32. Kg2 Kg7 33. h3 Ra2 34. Kg1 Ra1+ 35. Kg2 Ra2 36. h4 Ra1 37. Ra7 Ra2 38. a4 Ra1 39. Kf3 Rxa4 40. Rxa4 1-0


[Site "https://www.chess.com"]

[Event "Titled Tuesday Blitz November 15 Early 2022"]
[White "Marcolino, Daniel Mattos"]
[Black "Saya, Ethan"]
[WhiteFideId "2106841"]
[BlackFideId "26095181"]
[WhiteElo "2123"]
[BlackElo "2162"]
[Result "0-1"]
[Round "06"]
[TimeControl "180+1"]
[Date "2022.11.16"]
[WhiteClock "0:00:46"]
[BlackClock "0:00:26"]

1. d4 Nf6 2. Nf3 d5 3. g3 e6 4. Bg2 Be7 5. O-O O-O 6. c4 dxc4 7. Qc2 a6 8. a4 Bd7 9. Qxc4 Bc6 10. Bg5 Bd5 11. Qc2 Be4 12. Qc1 h6 13. Bxf6 Bxf6 14. Rd1 c6 15. Nc3 Bxf3 16. Bxf3 a5 17. e3 Na6 18. Ne4 Be7 19. Nc5 Bxc5 20. dxc5 Qc7 21. Qc3 Rfd8 22. Kg2 Nb4 23. h4 Rxd1 24. Rxd1 Rd8 25. Rd4 Kf8 26. Qd2 Rxd4 27. Qxd4 e5 28. Qc4 Ke7 29. g4 Qd7 30. g5 hxg5 31. hxg5 Nd3 32. g6 fxg6 33. Bg4 Nf4+ 34. Kf3 Qd1+ 35. Kg3 Qg1+ 36. Kh4 Qh2+ 0-1


[Site "https://www.chess.com"]